 Dungeon Crawl Stone Soup version 0.21.1-1-g345015f (webtiles) character file.

51 n0claF the Caller (level 3, -6/19 HPs)
             Began as a Tengu Summoner on June 13, 2018.
             Killed by divine providence
             ... invoked by an orc priest
              (15 damage)
             ... on level 3 of the Dungeon.
             The game lasted 00:08:58 (2412 turns).

n0claF the Caller (Tengu Summoner)                  Turns: 2412, Time: 00:09:28

Health: -6/19      AC:  2    Str:  8    XL:     3   Next: 83%
Magic:  0/8        EV: 13    Int: 16    God:
Gold:   35         SH:  0    Dex: 14    Spells: 3/7 levels left

rFire    . . .     SeeInvis .   (no weapon)
rCold    . . .     Gourm    .   (no shield)
rNeg     . . .     Faith    .   a - +0 robe
rPois    .         Spirit   .   (helmet restricted)
rElec    .         Reflect  .   (no cloak)
rCorr    .         Harm     .   (no gloves)
MR       .....                  (boots unavailable)
Stlth    ++........             (no amulet)
HPRegen  0.06/turn              (no ring)
MPRegen  0.11/turn              (no ring)

@: no status effects
A: beak, talons 3
a: no special abilities


You were on level 3 of the Dungeon.
You were near starving.

You visited 1 branch of the dungeon, and saw 3 of its levels.

You collected 35 gold pieces.

Inventory:

Armour
 a - a +0 robe (worn)
Jewellery
 h - a +2 ring of evasion {unknown}
Scrolls
 d - a scroll of magic mapping {unknown}
 g - a scroll of identify {unknown}
 k - a scroll of enchant armour {unknown}
Potions
 e - 2 potions of haste {unknown}
 f - a potion of invisibility {unknown}
 i - a potion of resistance {unknown}
 j - 2 potions of ambrosia {unknown}
Books
 b - a book of Callings

   Spells                             Type                      Level
   a - Summon Small Mammal            Summoning                    1
   b - Call Imp                       Summoning                    2
   c - Call Canine Familiar           Summoning                    3
   d - Summon Guardian Golem          Hexes/Summoning              3
   e - Summon Lightning Spire         Summoning/Air                4
   f - Summon Ice Beast               Ice/Summoning                4
Comestibles
 c - 6 rations


   Skills:
 + Level 2.8 Dodging
 - Level 2.2 Stealth
 + Level 2.7 Spellcasting
 + Level 5.4 Summonings


You had 3 spell levels left.
You knew the following spells:

 Your Spells              Type           Power        Failure   Level  Hunger
a - Summon Small Mammal   Summ           ###.         1%          1    #......
b - Call Canine Familiar  Summ           ###.....     6%          3    ###....


Dungeon Overview and Level Annotations

Branches:
Dungeon (3/15)

Altars:


Innate Abilities, Weirdness & Mutations

You have a beak for a mouth.
You have claws for feet.


Message History

Anything else - Cancel.
Gang up on whom?
Press: ? - help, Dir - move target cursor, f - orc priest
Aim: an orc priest, wielding a mace (severely wounded) Attack!
Your bat barely misses the orc priest.
Your bat hits the orc priest.
The orc priest calls down the wrath of Beogh upon you.
Your bat writhes in agony!
You swap places.
Your bat closely misses the orc priest.
Your bat hits the orc priest but does no damage.
Found an embroidered scarf.
Your bat hits the orc.
Your bat closely misses the orc priest.
The orc hits your quokka but does no damage.
Your quokka bites the orc.
Your bat closely misses the orc priest.
Your bat hits the orc.
Your quokka bites the orc.
The orc dies!
The orc priest invokes the aid of Beogh against you.
Beogh smites you!
Ouch! That really hurt!
You die...

#######........
................
.................
......?..............
.....................
#..$................
#...................
+.....@..o..........
#[.#.#.....o........
##......bb..........
....#.#...Kr).)......
.#..........†<(......
#####...............
#...............
#...............
#...............


You could see an orc priest, an orc, a kobold, a friendly quokka and 2 friendly
bats.

Vanquished Creatures (collateral kills)
  A hound zombie (D:3)
  An adder (D:3)
  A worm (D:2)
  2 dart slugs (D:1)
  A leopard gecko (D:2)
  3 orcs (D:3)
  3 ball pythons
  6 bats
  3 giant cockroaches
  5 goblins (D:1)
  4 hobgoblins
  2 jackals (D:1)
  9 kobolds
  A quokka (D:3)
  2 frilled lizards (D:1)
  6 rats
50 creatures vanquished.

Notes
Turn   | Place    | Note
-------+----------+-------------------------------------------
     0 | D:1      | n0claF the Tengu Summoner began the quest for the Orb.
     0 | D:1      | Reached XP level 1. HP: 10/10 MP: 4/4
    84 | D:1      | Reached skill level 5 in Summonings
   209 | D:1      | Reached XP level 2. HP: 3/15 MP: 1/6
  1488 | D:2      | Reached XP level 3. HP: 19/19 MP: 4/7
  1595 | D:2      | Learned a level 3 spell: Call Canine Familiar
  2412 | D:3      | Killed from afar by an orc priest

Skill      XL: |  1 |
---------------+----+-----
Summonings     | 5 |  5.4
Dodging        | |  2.8
Stealth        | |  2.2
Spellcasting   | |  2.7

Action                   || total
-------------------------++-------
 Cast: Summon Small Mamm ||    80
       Call Canine Famil ||    13
  Eat: Chunk             ||     5
Armor: Robe              ||    10
Dodge: Dodged            ||    28
